ITL
TUSCALOOSA TROUT SLAYERS @ OTSEGO BULLDOGS
09/14/2026
 
TOP OF THE 1ST
Tuscaloosa Trout Slayers batting - Pitching for Otsego Bulldogs : RHP Germán Pérez
Pitching: RHP Germán Pérez
Batting: RHB Pat Fullerton 0-0: Swinging Strike
0-1: Foul Ball, location: 2F
0-2: Ball
1-2: Strikes out swinging
Batting: LHB Ed Murray 0-0: Ball
1-0: Called Strike
1-1: Ball
2-1: Ground out 4-3 (Groundball, 13)
Batting: RHB Ryan McBride 0-0: Ball
1-0: Ball
2-0: Ball
3-0: Called Strike
3-1: Base on Balls
Batting: LHB Ed Hart 0-0: TRIPLE (Line Drive, 78D)
Ryan McBride scores
Batting: RHB Ben Morton 0-0: Foul Ball, location: 2F
0-1: Foul Ball, location: 2F
0-2: Foul Ball, location: 2F
0-2: Ball
1-2: Ball
2-2: Foul Ball, location: 2F
2-2: Ball
3-2: Foul Ball, location: 2F
3-2: Ground out 4-3 (Groundball, 4)
Top of the 1st over - 1 run(s), 1 hit(s), 0 error(s), 1 left on base; Tuscaloosa 1 - Otsego 0
BOTTOM OF THE 1ST
Otsego Bulldogs batting - Pitching for Tuscaloosa Trout Slayers : RHP Ronald Adams
Pitching: RHP Ronald Adams
Batting: RHB Luis Antonio Velásquez 0-0: Called Strike
0-1: Ground out U3 (Groundball, 3)
Batting: RHB Juan Pérez 0-0: Ground out 5-3 (Groundball, 56S)
Batting: LHB Robert Moore 0-0: Called Strike
0-1: Ball
1-1: Called Strike
1-2: Ball
2-2: Ball
3-2: SOLO HOME RUN (Line Drive, 89XD), Distance : 447 ft
Batting: RHB Jim Beck 0-0: Ball
1-0: Called Strike
1-1: Ball
2-1: Foul Ball, location: 2F
2-2: Strikes out swinging passed ball, reaches first!
Batting: RHB Raúl Bauza 0-0: Called Strike
0-1: Ball
1-1: Ball
2-1: Ball
3-1: SINGLE (Line Drive, 34)
Jim Beck to second
Runner from 2nd tries for 3rd, SAFE, throw made to third
Batting: RHB Ryosei Yamamoto 0-0: Ball
1-0: Ball
2-0: SINGLE (Line Drive, 4D)
Jim Beck scores
Raúl Bauza to second
Batting: RHB Pablo Morán 0-0: Ball
1-0: Ball
2-0: Fly out, F9 (Flyball, 89S)
Bottom of the 1st over - 2 run(s), 3 hit(s), 0 error(s), 2 left on base; Tuscaloosa 1 - Otsego 2
TOP OF THE 2ND
Tuscaloosa Trout Slayers batting - Pitching for Otsego Bulldogs : RHP Germán Pérez
Batting: LHB António Cedeño 0-0: Called Strike
0-1: Foul Ball, location: 2F
0-2: Ball
1-2: Strikes out looking
Batting: RHB Lowie van den Bogaert 0-0: Foul Ball, location: 2F
0-1: Ball
1-1: Foul Ball, location: 2F
1-2: Foul Ball, location: 2F
1-2: Ball
2-2: Ball
3-2: Ground out 6-3 (Groundball, 56)
Batting: RHB Dave Hall 0-0: Ball
1-0: Swinging Strike
1-1: Ball
2-1: Swinging Strike
2-2: Foul Ball, location: 2F
2-2: Fly out, F2 (Popup, 2LF)
Top of the 2nd over - 0 run(s), 0 hit(s), 0 error(s), 0 left on base; Tuscaloosa 1 - Otsego 2
BOTTOM OF THE 2ND
Otsego Bulldogs batting - Pitching for Tuscaloosa Trout Slayers : RHP Ronald Adams
Batting: RHB Jesús Ramírez 0-0: Called Strike
0-1: Ball
1-1: Ground out U3 (Groundball, 3L)
Batting: RHB José Martínez 0-0: Foul Ball, location: 2F
0-1: Ball
1-1: Foul Ball, location: 2F
1-2: SINGLE (Line Drive, 9LS)
Batting: RHB Luis Antonio Velásquez 0-0: Called Strike
0-1: Foul Ball, location: 2F
0-2: Foul Ball, location: 2F
0-2: Ball
1-2: SINGLE (Line Drive, 5)
José Martínez to second
Batting: RHB Juan Pérez 0-0: Ball
1-0: Ball
2-0: SINGLE (Line Drive, 56)
José Martínez to third
Luis Antonio Velásquez to second
Batting: LHB Robert Moore 0-0: Called Strike
0-1: Swinging Strike
0-2: Ball
1-2: Ball
2-2: Strikes out looking
Batting: RHB Jim Beck 0-0: Called Strike
0-1: Called Strike
0-2: Fly out, F9 (Flyball, 89M)
Bottom of the 2nd over - 0 run(s), 3 hit(s), 0 error(s), 3 left on base; Tuscaloosa 1 - Otsego 2
TOP OF THE 3RD
Tuscaloosa Trout Slayers batting - Pitching for Otsego Bulldogs : RHP Germán Pérez
Batting: LHB Mark Owens 0-0: Ball
1-0: Foul Ball, location: 2F
1-1: Foul Ball, location: 2F
1-2: Strikes out swinging
Batting: RHB Pat Fullerton 0-0: Swinging Strike
0-1: Ball
1-1: Called Strike
1-2: Ball
2-2: Foul Ball, location: 2F
2-2: Strikes out swinging
Batting: LHB Ed Murray 0-0: Called Strike
0-1: Foul Ball, location: 2F
0-2: Strikes out swinging
Top of the 3rd over - 0 run(s), 0 hit(s), 0 error(s), 0 left on base; Tuscaloosa 1 - Otsego 2
BOTTOM OF THE 3RD
Otsego Bulldogs batting - Pitching for Tuscaloosa Trout Slayers : RHP Ronald Adams
Batting: RHB Raúl Bauza 0-0: Called Strike
0-1: Ball
1-1: DOUBLE (Groundball, 5L)
Batting: RHB Ryosei Yamamoto 0-0: Called Strike
0-1: Ball
1-1: SINGLE (Groundball, 6D)
Raúl Bauza to third
Runner from 3rd tries for Home, SAFE, throw made home
Ryosei Yamamoto to second
Batting: RHB Pablo Morán 0-0: Called Strike
0-1: Ball
1-1: Called Strike
1-2: Ball
2-2: Ground out 5-3 (Groundball, 5L)
Batting: RHB Jesús Ramírez 0-0: Swinging Strike
0-1: Ball
1-1: Ball
2-1: Reached on error, E6 (Groundball, 6M)
Ryosei Yamamoto scores
Batting: RHB José Martínez 0-0: Called Strike
0-1: Ball
1-1: Ball
2-1: SINGLE (Flyball, 8RM)
Jesús Ramírez to third
Throwing error, E8
Jesús Ramírez scores
José Martínez to second
Batting: RHB Luis Antonio Velásquez 0-0: Foul Ball, location: 2F
0-1: Ball
1-1: Ball
2-1: Called Strike
2-2: Foul Ball, location: 2F
2-2: Foul Ball, location: 2F
2-2: Ball
3-2: Foul Ball, location: 2F
3-2: Foul Ball, location: 2F
3-2: Base on Balls
Batting: RHB Juan Pérez 0-0: Called Strike
0-1: SINGLE (Groundball, 6MD)
José Martínez to third
Luis Antonio Velásquez to second
Runner from 3rd tries for Home, throw and OUT!
Luis Antonio Velásquez to third
Juan Pérez to second
Batting: LHB Robert Moore 0-0: Ball
1-0: Called Strike
1-1: Ball
2-1: Foul Ball, location: 2F
2-2: Strikes out swinging
Bottom of the 3rd over - 3 run(s), 4 hit(s), 2 error(s), 2 left on base; Tuscaloosa 1 - Otsego 5
TOP OF THE 4TH
Tuscaloosa Trout Slayers batting - Pitching for Otsego Bulldogs : RHP Germán Pérez
Batting: RHB Ryan McBride 0-0: Ball
1-0: SOLO HOME RUN (Flyball, 78XD), Distance : 418 ft
Batting: LHB Ed Hart 0-0: Called Strike
0-1: Called Strike
0-2: SINGLE (Groundball, 34S)
Batting: RHB Ben Morton 0-0: Swinging Strike
0-1: Ball
1-1: Fly out, F3 (Popup, 3F)
Batting: LHB António Cedeño 0-0: Ball
1-0: Reached on error, E3 (Groundball, 3)
Ed Hart to second
Batting: RHB Lowie van den Bogaert 0-0: Swinging Strike
0-1: Ball
1-1: Foul Ball, location: 2F
1-2: SINGLE (Line Drive, 8RS)
Ed Hart to third
António Cedeño to second
Batting: RHB Dave Hall 0-0: Fielders Choice at 2nd, 5-4 (Groundball, 5)
Ed Hart scores
António Cedeño to third
Batting: LHB Mark Owens 0-0: Ball
1-0: Swinging Strike
1-1: Foul Ball, location: 2F
1-2: Foul Ball, location: 2F
1-2: Strikes out swinging
Top of the 4th over - 2 run(s), 3 hit(s), 1 error(s), 2 left on base; Tuscaloosa 3 - Otsego 5
BOTTOM OF THE 4TH
Otsego Bulldogs batting - Pitching for Tuscaloosa Trout Slayers : RHP Ronald Adams
Batting: RHB Jim Beck 0-0: Ball
1-0: Called Strike
1-1: SINGLE (Line Drive, 8RS)
Batting: RHB Raúl Bauza 0-0: Ball
1-0: Grounds into double play, 4-6-3 (Groundball, 34)
Batting: RHB Ryosei Yamamoto 0-0: Ball
1-0: Foul Ball, location: 2F
1-1: Foul Ball, location: 2F
1-2: Ball
2-2: Ball
3-2: Strikes out looking
Bottom of the 4th over - 0 run(s), 1 hit(s), 0 error(s), 0 left on base; Tuscaloosa 3 - Otsego 5
TOP OF THE 5TH
Tuscaloosa Trout Slayers batting - Pitching for Otsego Bulldogs : RHP Germán Pérez
Batting: RHB Pat Fullerton 0-0: Called Strike
0-1: Ball
1-1: Called Strike
1-2: Ball
2-2: Fly out, F3 (Popup, 3SF)
Batting: LHB Ed Murray 0-0: Called Strike
0-1: SINGLE (Groundball, 6MD) (infield hit)
Batting: RHB Ryan McBride 0-0: Ball
1-0: Called Strike
1-1: Grounds into double play, 5-4-3 (Groundball, 5)
Top of the 5th over - 0 run(s), 1 hit(s), 0 error(s), 0 left on base; Tuscaloosa 3 - Otsego 5
BOTTOM OF THE 5TH
Otsego Bulldogs batting - Pitching for Tuscaloosa Trout Slayers : RHP Ronald Adams
Pitching: RHP Jules Côté
Batting: RHB Pablo Morán 0-0: Foul Ball, location: 2F
0-1: Foul Ball, location: 2F
0-2: DOUBLE (Groundball, 5L)
Batting: RHB Jesús Ramírez 0-0: Ball
1-0: Foul Ball, location: 2F
1-1: SINGLE (Groundball, 56)
Pablo Morán to third
Runner from 3rd tries for Home, SAFE, throw made home
Jesús Ramírez to second
Batting: RHB José Martínez 0-0: Ball
1-0: Fly out, F8 (Flyball, 8LD)
Runner from 2nd tags up, SAFE at 3rd, no throw
Batting: RHB Luis Antonio Velásquez 0-0: SINGLE (Flyball, 89S)
Jesús Ramírez scores
Batting: RHB Juan Pérez 0-0: Called Strike
0-1: Ball
1-1: Foul Ball, location: 2F
1-2: Fly out, F5 (Popup, 5F)
Batting: LHB Robert Moore 0-0: Ball
Luis Antonio Velásquez steals 2nd base
1-0: Swinging Strike
1-1: Foul Ball, location: 2F
1-2: Strikes out looking
Bottom of the 5th over - 2 run(s), 3 hit(s), 0 error(s), 1 left on base; Tuscaloosa 3 - Otsego 7
TOP OF THE 6TH
Tuscaloosa Trout Slayers batting - Pitching for Otsego Bulldogs : RHP Germán Pérez
Batting: LHB Ed Hart 0-0: Ball
1-0: Ball
2-0: Ground out 6-3 (Groundball, 6)
Pitching: LHP Jeff Hardin
Batting: RHB Ben Morton 0-0: Ball
1-0: Swinging Strike
1-1: TRIPLE (Line Drive, 9LS)
Batting: LHB António Cedeño 0-0: Ball
1-0: Ground out 4-3 (Groundball, 4)
Ben Morton scores
Batting: RHB Lowie van den Bogaert 0-0: Foul Ball, location: 2F
0-1: Ball
1-1: Foul Ball, location: 2F
1-2: Ball
2-2: Ball
3-2: Base on Balls
Batting: RHB Dave Hall 0-0: Ball
1-0: Ball
2-0: Ball
3-0: Called Strike
3-1: Foul Ball, location: 2F
3-2: Strikes out swinging
Top of the 6th over - 1 run(s), 1 hit(s), 0 error(s), 1 left on base; Tuscaloosa 4 - Otsego 7
BOTTOM OF THE 6TH
Otsego Bulldogs batting - Pitching for Tuscaloosa Trout Slayers : RHP Jules Côté
Batting: RHB Jim Beck 0-0: Ball
1-0: Ball
2-0: Ball
3-0: Base on Balls
Batting: RHB Raúl Bauza 0-0: SINGLE (Groundball, 56D)
Jim Beck to second
Batting: RHB Ryosei Yamamoto 0-0: Called Strike
0-1: Foul Ball, location: 2F
0-2: Ball
1-2: 3-RUN HOME RUN (Line Drive, 7LD), Distance : 358 ft
Pitching: LHP Claude Pinard
Batting: RHB Pablo Morán 0-0: Ball
1-0: DOUBLE (Flyball, 89D)
Batting: RHB Jesús Ramírez 0-0: Ball
1-0: DOUBLE (Line Drive, 8RS)
Pablo Morán scores
Batting: RHB José Martínez 0-0: Called Strike
0-1: Ball
1-1: Foul Ball, location: 2F
1-2: Ground out 4-3 (Groundball, 4)
Jesús Ramírez to third
Batting: RHB Luis Antonio Velásquez 0-0: Fly out, F7 (Line Drive, 78M)
Runner from 3rd tags up, SCORES, throw made
Batting: RHB Juan Pérez 0-0: Ball
1-0: Ball
2-0: Ground out 5-3 (Groundball, 56)
Bottom of the 6th over - 5 run(s), 4 hit(s), 0 error(s), 0 left on base; Tuscaloosa 4 - Otsego 12
TOP OF THE 7TH
Tuscaloosa Trout Slayers batting - Pitching for Otsego Bulldogs : LHP Jeff Hardin
Batting: LHB Mark Owens 0-0: Called Strike
0-1: Ball
1-1: Ball
2-1: SINGLE (Line Drive, 4MD)
Batting: RHB Pat Fullerton 0-0: Called Strike
0-1: Ball
1-1: Ball
2-1: Called Strike
2-2: Grounds into double play, 4-6-3 (Groundball, 4)
Batting: LHB Ed Murray 0-0: Called Strike
0-1: Foul Ball, location: 2F
0-2: Fly out, F9 (Flyball, 89M)
Top of the 7th over - 0 run(s), 1 hit(s), 0 error(s), 0 left on base; Tuscaloosa 4 - Otsego 12
BOTTOM OF THE 7TH
Otsego Bulldogs batting - Pitching for Tuscaloosa Trout Slayers : LHP Claude Pinard
Batting: LHB Robert Moore 0-0: Ground out 4-3 (Groundball, 4M)
Batting: RHB Jim Beck 0-0: Ball
1-0: Foul Ball, location: 2F
1-1: Foul Ball, location: 2F
1-2: Ball
2-2: Ball
3-2: Strikes out swinging
Batting: RHB Raúl Bauza 0-0: Called Strike
0-1: Foul Ball, location: 2F
0-2: Strikes out swinging
Bottom of the 7th over - 0 run(s), 0 hit(s), 0 error(s), 0 left on base; Tuscaloosa 4 - Otsego 12
TOP OF THE 8TH
Tuscaloosa Trout Slayers batting - Pitching for Otsego Bulldogs : LHP Jeff Hardin
Now in RF: Martin Davis
Batting: RHB Ryan McBride 0-0: Called Strike
0-1: Foul Ball, location: 2F
0-2: Ground out 6-3 (Groundball, 6)
Batting: LHB Ed Hart 0-0: Ball
1-0: Foul Ball, location: 2F
1-1: Ball
2-1: Ball
3-1: Foul Ball, location: 2F
3-2: Base on Balls
Pitching: RHP Curt Howard
Batting: RHB Ben Morton 0-0: Ball
1-0: Ball
2-0: Ball
3-0: Base on Balls
Ed Hart to second
Batting: LHB António Cedeño 0-0: Ball
1-0: Ball
2-0: Called Strike
2-1: Ball
3-1: Foul Ball, location: 2F
3-2: Grounds into double play, 4-6-3 (Groundball, 4)
Top of the 8th over - 0 run(s), 0 hit(s), 0 error(s), 1 left on base; Tuscaloosa 4 - Otsego 12
BOTTOM OF THE 8TH
Otsego Bulldogs batting - Pitching for Tuscaloosa Trout Slayers : LHP Claude Pinard
Pitching: RHP Marlon Ryan
Batting: RHB Ryosei Yamamoto 0-0: Ball
1-0: Ball
2-0: Fly out, F4 (Line Drive, 4)
Batting: RHB Pablo Morán 0-0: Ball
1-0: Called Strike
1-1: SINGLE (Groundball, 34)
Pinch Hitting: RHB Jesús Tisnado 0-0: Ball
1-0: Called Strike
1-1: Ball
2-1: Ground out 4-3 (Groundball, 13)
Pablo Morán to second
Batting: RHB José Martínez 0-0: Ball
1-0: Ball
2-0: Ball
3-0: Base on Balls
Batting: RHB Luis Antonio Velásquez 0-0: Ground out 6-3 (Groundball, 6)
Bottom of the 8th over - 0 run(s), 1 hit(s), 0 error(s), 2 left on base; Tuscaloosa 4 - Otsego 12
TOP OF THE 9TH
Tuscaloosa Trout Slayers batting - Pitching for Otsego Bulldogs : RHP Curt Howard
Now at 1B: Jesús Tisnado
Now at 3B: Luis Maldonado
Batting: RHB Lowie van den Bogaert 0-0: Called Strike
0-1: Ball
1-1: Ball
2-1: Foul Ball, location: 2F
2-2: Strikes out swinging
Batting: RHB Dave Hall 0-0: Called Strike
0-1: Fly out, F9 (Flyball, 9D)
Batting: LHB Mark Owens 0-0: Ball
1-0: Called Strike
1-1: Foul Ball, location: 2F
1-2: Ball
2-2: Ground out 4-3 (Groundball, 34)
Top of the 9th over - 0 run(s), 0 hit(s), 0 error(s), 0 left on base; Tuscaloosa 4 - Otsego 12
Monday, December 5th, 2016 - OOTP Baseball 17.12 Build 75